 Dungeon Crawl Stone Soup version 0.23-a0-143-g1adec7b (webtiles) character file.

348 KristoblXynda the Cudgeler (level 6, 0/37 HPs)
             Began as a Gargoyle Fighter on Sept 5, 2018.
             Was an Initiate of Qazlal.
             Slain by an orc
             ... wielding a +0 hand axe
              (1 damage)
             ... on level 5 of the Dungeon.
             The game lasted 00:07:47 (3304 turns).

KristoblXynda the Cudgeler (Gargoyle Fighter)       Turns: 3304, Time: 00:07:48

Health: 0/37       AC: 12    Str: 25    XL:     6   Next: 60%
Magic:  6/6        EV:  8    Int:  9    God:    Qazlal [......]
Gold:   216        SH: 10    Dex: 11    Spells: 5/5 levels left

rFire    . . .     SeeInvis .   a - +0 flail
rCold    . . .     Gourm    .   c - +0 shield
rNeg     + . .     Faith    .   A - +1 ring mail {rPois}
rPois    ∞         Spirit   .   h - +0 helmet
rElec    +         Reflect  .   (no cloak)
rCorr    .         Harm     .   (no gloves)
MR       .....                  (no boots)
Stlth    +.........             (no amulet)
HPRegen  0.12/turn              e - +6 ring of strength
MPRegen  0.10/turn              (no ring)

@: very slightly contaminated
A: negative energy resistance 1, electricity resistance, unbreathing,
petrification resistance, rot immunity, AC +4
a: Renounce Religion


You were on level 5 of the Dungeon.
You worshipped Qazlal.
Qazlal was noncommittal.
You were not hungry.

You visited 2 branches of the dungeon, and saw 6 of its levels.

You collected 216 gold pieces.

Inventory:

Hand Weapons
 a - a +0 flail (weapon)
Missiles
 u - a throwing net (quivered)
Armour
 c - a +0 shield (worn)
 h - a +0 helmet (worn)
 A - a +1 ring mail of poison resistance (worn)
Jewellery
 e - a +6 ring of strength (left hand)
 z - an uncursed ring of protection from fire
Wands
 r - a wand of random effects (27)
 y - a wand of scattershot (5)
Scrolls
 b - a scroll of identify
 i - 6 scrolls of teleportation
 j - 2 scrolls of amnesia
 p - a scroll of fear
 q - a scroll of blinking
 x - 2 scrolls of remove curse
Potions
 d - a potion of might
 g - 2 potions of lignification
 k - a potion of brilliance {unknown}
 l - a potion of heal wounds {unknown}
 m - 4 potions of invisibility
 n - a potion of magic
 t - a potion of flight {unknown}
 v - 4 potions of curing
 w - a potion of haste {unknown}
Comestibles
 f - 8 rations


   Skills:
 - Level 3.2 Fighting
 * Level 5.0 Maces & Flails
 + Level 4.7 Armour
 + Level 4.8 Shields


You had 5 spell levels left.
You didn't know any spells.
Your spell library was empty.

Dungeon Overview and Level Annotations

Branches:
Dungeon (5/15)             Temple (1/1) D:4

Altars:
Ashenzari
Cheibriados
Dithmenos
Fedhas
Gozag
Hepliaklqana
Kikubaaqudgha
Makhleb
Nemelex Xobeh
Okawaru
Qazlal
Ru
Sif Muna
Trog
Vehumet
Wu Jian
Xom
Yredelemnul
The Shining One

Shops:
D:4 (


Innate Abilities, Weirdness & Mutations

You are resistant to torment.
Your stone body is resilient. (AC +4)
You are immune to poison.
You resist negative energy. (rN+)
You are resistant to electric shocks. (rElec)
You can survive without breathing.
You are immune to petrification.
You are immune to rotting.


Message History

The orc priest hits you but does no damage.
The orc hits you but does no damage.
You closely miss the orc. The hound bites you but does no damage.
An orc comes into view.
The orc hits you with a flail.
The orc priest mumbles some strange prayers to Beogh against you.
Beogh smites you! The hound bites you. The orc hits you but does no damage.
You barely miss the orc. The hound barely misses you.
The orc barely misses you. You block the orc priest's attack.
You block the orc's attack. The hound barely misses you.
You hit the orc priest but do no damage.
You block the hound's attack. You block the orc priest's attack.
The orc hits you with a flail. The orc hits you but does no damage.
You barely miss the orc priest. The hound bites you but does no damage.
The orc priest invokes the aid of Beogh against you.
Beogh smites you!
* * * LOW HITPOINT WARNING * * *
The orc hits you but does no damage. You block the hound's attack.
The orc hits you with a hand axe.
You die...

## #########).)##
##.....@oos.....
#.....ohos.....# #
##..########....#
#.#...### ...#
#..)....######....#
#...####...<.......#
#.... ####.......#
......# ###.....#
###### .....#


You could see 2 scorpions, a hound, an orc priest and 3 orcs.

Vanquished Creatures
  A howler monkey (D:2)
  A vampire bat (D:4)
  2 hounds (D:4)
  Terence (D:3)
  A hound skeleton (D:4)
  4 gnolls (D:2)
  5 adders
  An ooze (D:1)
  A worm (D:2)
  4 dart slugs
  3 leopard geckos
  2 orcs
  5 giant cockroaches
  10 hobgoblins
  A ball python (D:1)
  10 bats
  5 frilled lizards
  8 goblins
  4 kobolds
  11 rats
80 creatures vanquished.

Notes
Turn   | Place    | Note
-------+----------+-------------------------------------------
     0 | D:1      | KristoblXynda the Gargoyle Fighter began the quest for the
                  | Orb.
     0 | D:1      | Reached XP level 1. HP: 14/14 MP: 1/1
   168 | D:1      | Reached XP level 2. HP: 17/19 MP: 2/2
   448 | D:1      | Reached XP level 3. HP: 23/23 MP: 3/3
   509 | D:1      | Reached skill level 3 in Maces & Flails
   918 | D:2      | Reached XP level 4. HP: 21/28 MP: 4/4
  1113 | D:2      | Found a sparkling altar of Nemelex Xobeh.
  1126 | D:2      | Found a shattered altar of Ashenzari.
  1344 | D:2      | Reached XP level 5. HP: 32/32 MP: 5/5
  1349 | D:2      | Reached skill level 4 in Maces & Flails
  2072 | D:3      | Noticed Terence
  2082 | D:3      | Killed Terence
  2296 | D:4      | Reached XP level 6. HP: 37/37 MP: 6/6
  2592 | D:4      | Found a glowing golden altar of the Shining One.
  2669 | D:4      | Reached skill level 5 in Maces & Flails
  2717 | D:4      | Found Yfeid's Antique Weapon Shoppe.
  2731 | D:4      | Found a sparkling altar of Nemelex Xobeh.
  2787 | D:4      | Found a snail-covered altar of Cheibriados.
  2791 | D:4      | Found a basalt altar of Yredelemnul.
  2794 | D:4      | Found a hazy altar of Hepliaklqana.
  2900 | D:4      | Found a staircase to the Ecumenical Temple.
  2917 | Temple   | Entered the Ecumenical Temple
  2969 | Temple   | Became a worshipper of Qazlal Stormbringer
  3270 | D:5      | Entered Level 5 of the Dungeon
  3304 | D:5      | HP: 1/37 [orc priest/divine providence (15)]
  3304 | D:5      | Slain by an orc

Vault maps used:
D:1:      eino_arrival_tree_alley, minmay_pentomino_u2
D:2:      ashenzari_conservatory_becter, nemelex_xobeh_ov_fountains_minmay,
          first_ration, kennysheep_generic_room_3
D:3:      uniq_terence
D:4:      grunt_temple_overflow_diamond, tso_metal_star,
          lemuel_temple_firewalk_b, serial_shops, shop, roderic_batcave,
          nemelex_spade_bored_becter
D:5:      portal_sewer_entry_a, enter_ossuary_4, serial_shops, shop,
          minmay_lizard_king
Temple:   dshaligram_water_room_temple

Skill      XL: |  1  2  3  4  5  6 |
---------------+-------------------+-----
Maces & Flails | 3 4 5 |  5.0
Shields        | 4 |  4.8
Armour         | 4 |  4.7
Fighting       | |  3.2

Action                   |  1- 3 |  4- 6 || total
-------------------------+-------+-------++-------
Melee: Flail             |   109 |   169 ||   278
  Use: Scroll            |       |    11 ||    11
  Eat: Chunk             |       |     7 ||     7
       Ration            |       |     1 ||     1
Armor: Scale mail        |    69 |    42 ||   111
       Ring mail         |       |    46 ||    46
Dodge: Dodged            |    47 |    49 ||    96
Block: Shield            |    60 |    97 ||   157

Table legend:
 A = Non-vault XP
 B = Vault XP
 C = Vault XP percentage of total XP
 D = Non-vault monster count
 E = Vault monster count
 F = Vault count percentage of total count
                 A         B        C        D         E       F
            +---------+---------+-------+---------+---------+-------
      Total |     393 |     105 |  21.1 |      69 |      11 |  13.8
            +---------+---------+-------+---------+---------+-------
        D:1 |      48 |       4 |   7.7 |      26 |       2 |   7.1
        D:2 |     170 |       2 |   1.2 |      28 |       1 |   3.4
        D:3 |      44 |      36 |  45.0 |       9 |       1 |  10.0
        D:4 |     128 |      63 |  33.0 |       5 |       7 |  58.3
        D:5 |       3 |       0 |   0.0 |       1 |       0 |   0.0
            +---------+---------+-------+---------+---------+-------
